AoeStats
← danixe0911

African Clearing

504399976Analyzed
4v4 RM · 26d ago on Sep 5, 2026· 52m 10s· 8 players
Game mode
Random Map
Map size
Large (8 player)
Population
200
Speed
Normal
Resources
Standard
Victory
Conquest
Starting age
Dark Age
Ending age
Imperial Age
RankedLock teamsTeams togetherTeam positionsShared explorationLock speedFull tech treeHidden civsTurbo modeCheats
Victory
Defeat
🇨🇳 Lithuanians · China
1016
+16
1006
+17
🇯🇵 Spanish · Japan
1001
+17
🇦🇺 Tatars · Australia
988
+17
🇺🇸 Burmese · United States
1043
-18
🇲🇽 Lithuanians · Mexico
1025
-17
🇦🇷 Malay · Argentina
1024
-17
🇺🇸 Celts · United States
986
-15
Cупeр Длинный Xyй
3:20 Loom
14:13 Feudal Age
20:48 Castle Age
19:46 Gold Mining
30:46 Squires
30:31 Arson
30:58 Forging
30:48 Scale Mail Armor
38:29 Iron Casting
38:09 Chain Mail Armor
37:24 Pikeman
39:48 Gold Shaft Mining
39:44 Fishing Lines
40:34 Chain Mail Armor
40:21 Gillnets
46:44 Imperial Age
44:13 Double-Bit Axe
48:28 Blast Furnace
47:59 Plate Mail Armor
46:52 Man-at-Arms
47:17 Gambesons
47:35 Long Swordsman
47:41 Long Swordsman
48:29 Two-Handed Swordsman
48:42 Two-Handed Swordsman
50:21 Champion
haulway
14:27 Feudal Age
14:56 Double-Bit Axe
16:07 Horse Collar
19:13 Gold Mining
22:03 Castle Age
20:02 Gold Mining
22:53 Castle Age
23:34 Stone Mining
24:26 Bloodlines
24:16 Husbandry
24:25 Scale Barding Armor
24:31 Forging
25:09 Bow Saw
29:12 Stone Shaft Mining
29:05 Pikeman
29:45 Squires
31:22 Heavy Plow
31:03 Elite Skirmisher
31:48 Thumb Ring
34:41 Iron Casting
37:48 Imperial Age
35:23 Light Cavalry
37:45 Chain Barding Armor
37:25 Scale Mail Armor
39:31 Conscription
40:06 Crop Rotation
39:25 Halberdier
40:23 Chain Mail Armor
40:44 Plate Barding Armor
41:30 Elite Leitis
43:39 Wheelbarrow
45:35 Loom
46:34 Capped Ram
49:17 Plate Barding Armor
49:12 Hand Cart
49:55 Masonry
49:42 Murder Holes
50:08 Ballistics
50:51 Chemistry
RainbowRock3115
4:08 Loom
14:48 Feudal Age
15:18 Double-Bit Axe
17:30 Horse Collar
19:16 Wheelbarrow
23:21 Castle Age
21:47 Gold Mining
22:05 Stone Mining
22:48 Bloodlines
24:38 Bow Saw
25:37 Hand Cart
27:38 Fletching
29:20 Bodkin Arrow
33:18 Padded Archer Armor
38:11 Imperial Age
38:01 Leather Archer Armor
37:52 Scale Barding Armor
38:16 Silk Armor
40:17 Chemistry
39:38 Ballistics
39:15 Heavy Cavalry Archer
40:25 Bracer
42:39 Ring Archer Armor
42:32 Conscription
42:21 Heavy Plow
42:20 Murder Holes
43:53 Siege Engineers
44:14 Chain Barding Armor
45:53 Plate Barding Armor
kujiraman
3:55 Loom
15:01 Feudal Age
20:26 Castle Age
19:34 Fletching
19:55 Padded Archer Armor
22:37 Leather Archer Armor
22:16 Elite Skirmisher
24:40 Double-Bit Axe
25:37 Stone Mining
28:10 Bodkin Arrow
31:18 Wheelbarrow
35:28 Hand Cart
35:45 Bow Saw
35:22 Horse Collar
35:54 Pikeman
38:00 Forging
37:51 Scale Mail Armor
43:33 Scale Barding Armor
47:58 Chain Barding Armor
48:15 Iron Casting
50:39 Imperial Age
49:07 Husbandry
49:18 Bloodlines
49:13 Light Cavalry
51:53 Iron Casting
50:43 Cavalier
52:27 Plate Barding Armor
CoCoBudda42
10:28 Loom
14:38 Feudal Age
18:55 Castle Age
21:08 Wheelbarrow
32:43 Horse Collar
36:10 Imperial Age
34:14 Scale Barding Armor
34:20 Forging
35:41 Bloodlines
35:36 Husbandry
40:58 Iron Casting
40:44 Chain Barding Armor
Diesel_Dab
8:21 Loom
8:29 Loom
16:12 Feudal Age
20:21 Castle Age
21:32 Double-Bit Axe
21:30 Horse Collar
23:19 Bow Saw
23:52 Horse Collar
24:57 Heavy Plow
28:01 Man-at-Arms
28:46 Scale Mail Armor
30:33 Long Swordsman
30:59 Gambesons
31:04 Arson
34:05 Wheelbarrow
36:00 Hand Cart
38:18 Chain Mail Armor
38:14 Forging
41:22 Imperial Age
39:47 Caravan
40:03 Pikeman
41:28 Iron Casting
41:28 Two-Handed Swordsman
42:46 Plate Mail Armor
43:17 Blast Furnace
41:44 Capped Ram
43:00 Champion
44:11 Halberdier
47:05 Siege Ram
danixe0911
6:38 Loom
12:56 Feudal Age
14:54 Wheelbarrow
14:09 Man-at-Arms
16:16 Town Watch
21:04 Double-Bit Axe
24:59 Castle Age
26:19 Hand Cart
28:46 Long Swordsman
33:43 Hand Cart
Martuuu89
6:37 Loom
14:16 Feudal Age
17:10 Fletching
24:14 Castle Age
23:15 Forging
24:28 Husbandry
26:03 Crossbowman
26:52 Town Watch
29:51 Thumb Ring
Connection lost

Rejoining the realm…

Still unreachable

The connection could not be restored.

Session expired

The server has moved on; the page needs a fresh start.